 Dungeon Crawl Stone Soup version 0.25-a0-294-gea9b1ad378 (webtiles) character file.

Game seed: 15173034503223282527, levelgen mode: deterministic

183 MoonlitKnight the Sneak (level 5, -5/39 HPs)
             Began as a Vampire Assassin on Dec 18, 2019.
             Was an Initiate of Dithmenos.
             Slain by Edmund
             ... wielding a +0 dire flail of holy wrath
              (17 damage)
             ... on level 4 of the Dungeon.
             The game lasted 00:04:01 (2245 turns).

MoonlitKnight the Sneak (Vampire Assassin)          Turns: 2245, Time: 00:04:01

Health: -5/39      AC:  6    Str: 10    XL:     5   Next: 35%
Magic:  5/5        EV: 11    Int: 14    God:    Dithmenos [......]
Gold:   73         SH:  0    Dex: 16    Spells: 4/4 levels left

rFire    . . .     SeeInvis +   a - +2 dagger
rCold    . . .     Gourm    .   (no shield)
rNeg     . . .     Faith    .   l - +0 ring mail
rPois    .         Spirit   .   (no helmet)
rElec    .         Reflect  .   c - +0 cloak
rCorr    .         Harm     .   (no gloves)
MR       .....                  (no boots)
Stlth    +++.......             (no amulet)
HPRegen  0.33/turn              (no ring)
MPRegen  0.09/turn              (no ring)

@: regenerating quickly
A: no food, fangs 3, see invisible, unbreathing
a: Exsanguinate, Renounce Religion


You were on level 4 of the Dungeon.
You worshipped Dithmenos.
Dithmenos was noncommittal.
You were alive.

You visited 1 branch of the dungeon, and saw 4 of its levels.

You collected 73 gold pieces.

Inventory:

Hand Weapons
 a - a +2 dagger (weapon)
Missiles
 d - 27 poisoned darts (quivered)
 e - 2 curare-tipped darts
 t - 3 atropa-tipped darts
Armour
 c - a +0 cloak (worn)
 l - a +0 ring mail (worn)
Scrolls
 h - 5 scrolls of teleportation
 i - a scroll of random uselessness {unknown}
 k - a scroll of fog
 m - a scroll of identify {unknown}
 n - a scroll of magic mapping {unknown}
 o - a scroll of immolation {unknown}
 u - a scroll of remove curse {unknown}
Potions
 b - a potion of resistance {unknown}
 f - 2 potions of haste {unknown}
 g - a potion of degeneration {unknown}
 j - a potion of curing {unknown}
 p - a potion of berserk rage {unknown}
 q - a potion of cancellation {unknown}
 r - a potion of mutation {unknown}
 s - a potion of heal wounds {unknown}
 v - a potion of might {unknown}


   Skills:
 + Level 2.7 Fighting
 * Level 4.2 Short Blades
 - Level 1.5 Throwing
 + Level 2.6 Dodging
 + Level 6.9 Stealth


You had 4 spell levels left.
You didn't know any spells.
Your spell library was empty.

Dungeon Overview and Level Annotations

Branches:
Dungeon (4/15)
 Temple: D:4-7

Altars:
Dithmenos

Annotations:
D:3 3 runed translucent doors, MoonlitKnight's ghost, amateur MfSk
D:4 Edmund


Innate Abilities, Weirdness & Mutations

You do not eat.
Your natural rate of healing is unusually fast.
You have razor-sharp teeth.
You have supernaturally acute eyesight. (SInv)
You can survive without breathing.


Message History

You hit Edmund. You bite Edmund.
Edmund is almost dead.
You hit Edmund but do no damage. You bite Edmund, but do no damage.
Edmund is almost dead.
Edmund closely misses you.
You hit Edmund but do no damage. Your bite misses Edmund.
Edmund is almost dead.
Edmund closely misses you.
You completely miss Edmund. You bite Edmund, but do no damage.
Edmund is almost dead.
Edmund hits you with a +0 dire flail of holy wrath!
You convulse.
Your ring mail prevents you from hitting Edmund.
You bite Edmund, but do no damage.
Edmund is almost dead.
You hit Edmund but do no damage.
Edmund is almost dead.
Edmund hits you with a +0 dire flail of holy wrath!
You convulse!
You die...

## .# .#######
§##....# §##.##.#
§##.##.#
.'..##.#########
.#####.........####=#
§# #########..@@..#
.+ #..##### .# #....
## ..<##.# .#.## .# #
.. > ... ## .#..


You could see Edmund.

Vanquished Creatures
  A scorpion (D:4)
  4 adders
  An adder skeleton (D:4)
  2 worms
  A dart slug (D:1)
  A leopard gecko (D:2)
  8 orcs
  A ball python (D:1)
  7 giant cockroaches
  5 goblins
  6 hobgoblins
  6 jackals (D:1)
  12 kobolds
  A quokka (D:3)
  9 bats
  5 frilled lizards
  9 rats
79 creatures vanquished.

Notes
Turn   | Place    | Note
-------+----------+-------------------------------------------
     0 | D:1      | MoonlitKnight the Vampire Assassin began the quest for the
                  | Orb.
     0 | D:1      | Reached XP level 1. HP: 16/16 MP: 1/1
    82 | D:1      | Reached skill level 6 in Stealth
    90 | D:1      | Reached XP level 2. HP: 16/22 MP: 2/2
   100 | D:1      | HP: 1/22 [ball python (1)]
   403 | D:1      | Reached XP level 3. HP: 21/27 MP: 3/3
   964 | D:2      | Reached XP level 4. HP: 34/34 MP: 4/4
  1517 | D:3      | HP: 1/34 [orc/+0 morningstar (2)]
  1632 | D:3      | Found a shadowy altar of Dithmenos.
  1652 | D:3      | Became a worshipper of Dithmenos the Shadowed
  1694 | D:3      | Found a runed translucent gate.
  1694 | D:3      | Found a runed translucent gate.
  1696 | D:3      | Found a runed translucent gate.
  1699 | D:3      | Noticed MoonlitKnight's ghost (amateur MfSk)
  2132 | D:4      | Reached XP level 5. HP: 16/39 MP: 5/5
  2226 | D:4      | Noticed Edmund
  2245 | D:4      | Slain by Edmund

Levels and vault maps discovered:
D:1:      lightli_arrival_maybe_door_vault, layout_loops_ring
D:2:      layout_rooms
D:3:      layout_loops_corners, gammafunk_ghost_necromancy,
          grunt_dithmenos_smoke
D:4:      layout_basic, minmay_temple_entry_mini_moons, nrook_mini_backslash,
          uniq_purgy, uniq_edmund, uniq_menkaure

Skill      XL: |  1  2  3  4 |
---------------+-------------+-----
Stealth        | 6 |  6.9
Fighting       | 2 |  2.7
Short Blades   | 3 4 |  4.2
Dodging        | 2 |  2.6
Throwing       | |  1.5

Action                   |  1- 3 |  4- 6 || total
-------------------------+-------+-------++-------
Melee: Dagger            |   118 |   141 ||   259
       Bite              |    11 |    15 ||    26
  Use: Scroll            |       |     2 ||     2
 Stab: Sleeping          |     9 |     7 ||    16
       Distracted        |       |     1 ||     1
Armor: Robe              |    20 |       ||    20
       Ring mail         |    19 |    37 ||    56
Dodge: Dodged            |    65 |    62 ||   127

Table legend:
 A = Non-vault XP
 B = Vault XP
 C = Vault XP percentage of total XP
 D = Non-vault monster count
 E = Vault monster count
 F = Vault count percentage of total count
                 A         B        C        D         E       F
            +---------+---------+-------+---------+---------+-------
      Total |     262 |       0 |   0.0 |      79 |       0 |   0.0
            +---------+---------+-------+---------+---------+-------
        D:1 |      49 |       0 |   0.0 |      27 |       0 |   0.0
        D:2 |      76 |       0 |   0.0 |      29 |       0 |   0.0
        D:3 |      64 |       0 |   0.0 |      20 |       0 |   0.0
        D:4 |      73 |       0 |   0.0 |       3 |       0 |   0.0
            +---------+---------+-------+---------+---------+-------
